 Dungeon Crawl Stone Soup version 0.26.1-11-gd32895ea62 (webtiles) character file.

Game seed: 12332151304685300230

3273 H0rd4k the Cutter (level 10, -24/70 (74) HPs)
             Began as a Human Artificer on Apr 19, 2021.
             Killed from afar by an orc sorcerer (35 damage)
             ... with a bolt of negative energy
             ... in a bailey on Apr 20, 2021.
             The game lasted 00:13:45 (12982 turns).

H0rd4k the Cutter (Human Artificer)                Turns: 12982, Time: 00:13:45

HP:   -24/70 (74)   AC:  7    Str: 16    XL:     10   Next: 19%
MP:   19/19         EV: 14    Int: 10    God:
Gold: 460           SH:  0    Dex: 13    Spells: 9/9 levels left

rFire    + + +     SeeInvis +   d - +8 hand axe of Dismemberment {speed, rF+++ rC+++ MP+9 Int-2}
rCold    + + +     Faith    .   (no shield)
rNeg     . . .     Spirit   .   r - +1 ring mail {rF+}
rPois    .         Reflect  .   (no helmet)
rElec    .         Harm     .   f - scarf {rC+ rF+}
rCorr    .         Rampage  .   (no gloves)
Will     .....                  (no boots)
Stlth    ++........             (no amulet)
HPRegen  0.21/turn              o - ring of see invisible
MPRegen  0.16/turn              e - ring of flight

@: mighty, drained
A: no striking features
a: Evoke Flight


You were in a bailey.
You visited 1 branch of the dungeon, and saw 7 of its levels.
You also visited: Bailey.

You collected 460 gold pieces.

Inventory:

Hand Weapons
 d - the +8 hand axe of Dismemberment (weapon) {speed, rF+++ rC+++ MP+9 Int-2}
   (You found it on level 7 of the Dungeon)

   Attacks with this weapon are significantly faster.
   It affects your intelligence (-2).
   It renders you almost immune to fire.
   It renders you almost immune to cold.
   It affects your magic capacity (+9).
 n - a +2 dagger of freezing
 s - a +2 antimagic dagger
 x - a +0 dagger of venom
Armour
 b - a +0 leather armour
 f - a scarf of resistance (worn)
 r - a +1 ring mail of fire resistance (worn)
 w - a +1 cloak of poison resistance
Jewellery
 e - a ring of flight (right hand)
 o - a ring of see invisible (left hand)
Wands
 c - a wand of flame (1) (quivered)
Scrolls
 a - 5 scrolls of remove curse
 g - 3 scrolls of teleportation
 j - 3 scrolls of amnesia {unknown}
 k - 6 scrolls of identify
 l - a scroll of noise {unknown}
 y - a scroll of silence {unknown}
Potions
 h - 4 potions of curing {unknown}
 i - 2 potions of flight {unknown}
 p - a potion of haste {unknown}
 q - a potion of brilliance {unknown}
 t - a potion of invisibility {unknown}
 v - 2 potions of attraction {unknown}
 z - a potion of lignification {unknown}


   Skills:
 + Level 5.3 Fighting
 + Level 7.2 Short Blades
 * Level 2.5 Axes
 + Level 5.5 Armour
 + Level 6.0 Dodging
 + Level 4.0 Stealth
 + Level 5.3 Evocations


You had 9 spell levels left.
You didn't know any spells.
Your spell library was empty.

Dungeon Overview and Level Annotations

Branches:
Dungeon (7/15)             Temple (0/1) D:7          Bailey (1/1)

Altars:
Ashenzari
Kikubaaqudgha
Vehumet
Wu Jian
Xom
The Shining One

Annotations:
D:4 3 runed translucent doors, exclusion: downstairs, Descartes's ghost, weakling DEWz


Message History

The orc sorcerer barely misses you.
You hit the orc sorcerer.
The orc sorcerer is moderately wounded.
You closely miss the orc warrior.
You hit the orc sorcerer but do no damage.
The orc sorcerer is moderately wounded.
You closely miss the orc warrior.
The smoke demon disappears in a puff of smoke!
The orc warrior hits you but does no damage.
The orc sorcerer closely misses you.
You slash the orc sorcerer!
The orc sorcerer is heavily wounded.
You slash the gnoll! You slash the orc warrior!
The orc warrior hits you with a +0 war axe!
* * * LOW HITPOINT WARNING * * *
The gnoll closely misses you.
The orc sorcerer points at you and mumbles some strange words.
The bolt of negative energy hits you!!
You feel drained.
Ouch! That really hurt!
You die...

#≈≈≈≈≈# #######+# #≈≈≈≈≈#
#.......# #≈≈≈≈≈# #.8.8.8.+
#≈≈≈≈≈######..g3...##
#≈≈≈≈≈≈.#....o.#....#
######.≈≈≈≈≈.#......#.33.#..#
#......≈≈≈≈≈.#§'#####g.o5#..#
#......≈≈≈≈≈.#§oo..##o.5.#..#
.............'.g@..##gg..# ##
.)∩..........'..⌠..##o._.#
.))....))....'.....##....#
#......≈≈≈≈≈.#.....##....#
#......≈≈≈≈≈.#++####
######.≈≈≈≈≈.# #≈≈≈≈≈≈.#
#≈≈≈≈≈### #≈≈≈≈≈#


You could see an orc sorcerer, an orc warrior and a gnoll.

Vanquished Creatures
  An orc high priest (Bailey)
  An orc knight (Bailey)
  Duvessa (D:4)
  A sky beast (D:5)
  2 orc wizards
  A phantom (D:4)
  An ogre (D:4)
  3 centaurs
  2 bullfrogs (D:6)
  A wyvern zombie (D:7)
  2 elf skeletons (D:4)
  A scorpion (D:6)
  3 vampire bats (D:6)
  An electric eel (Bailey)
  A bullfrog zombie (D:5)
  A quasit (D:7)
  A jelly (D:7)
  6 hounds
  An orc priest (D:3)
  Crazy Yiuf (D:3)
  A bullfrog skeleton (D:4)
  2 human skeletons (D:4)
  2 iguanas
  Natasha (thrice) (D:3)
  5 worker ants
  5 quokkas
  A hound skeleton (D:5)
  A worker ant zombie (D:6)
  A howler monkey skeleton (D:4)
  8 adders
  3 gnolls
  A shadow imp (D:4)
  2 white imps
  An adder zombie (D:5)
  5 worms
  2 leopard geckos
  6 orcs
  2 bat skeletons (D:6)
  5 bat zombies (D:6)
  4 giant cockroaches
  8 goblins
  14 hobgoblins
  16 jackals
  A ball python (D:1)
  2 bats (D:2)
  7 frilled lizards
  A jackal skeleton (D:4)
  A jackal zombie (D:6)
  9 kobolds
  A leopard gecko skeleton (D:5)
  2 orc skeletons (D:4)
  A quokka skeleton (D:4)
  6 rats
161 creatures vanquished.

Vanquished Creatures (collateral kills)
  Dowan (D:4)
  A dart slug (D:2)
  An orc (D:3)
  A hobgoblin (D:2)
  A jackal (D:4)
5 creatures vanquished.

Vanquished Creatures (others)
  An orc warrior (D:3)
  A scorpion (D:4)
  A quasit (D:4)
  2 gnolls (D:6)
  A fungus (D:3)
  19 plants (D:3)
25 creatures vanquished.

Grand Total: 191 creatures vanquished

Notes
Turn   | Place    | Note
-------+----------+-------------------------------------------
     0 | D:1      | H0rd4k the Human Artificer began the quest for the Orb.
     0 | D:1      | Reached XP level 1. HP: 15/15 MP: 1/1
   198 | D:1      | Reached XP level 2. HP: 13/21 MP: 2/2
   954 | D:1      | Reached XP level 3. HP: 23/26 MP: 3/3
  1631 | D:2      | Reached skill level 1 in Short Blades
  1806 | D:2      | Reached XP level 4. HP: 13/32 MP: 4/4
  2300 | D:2      | Found a faded altar of an unknown god.
  3008 | D:3      | Noticed an orc warrior
  3022 | D:3      | Reached skill level 2 in Short Blades
  3022 | D:3      | Reached XP level 5. HP: 28/38 MP: 5/5
  3029 | D:3      | Killed an orc wizard
  3030 | D:3      | Reached XP level 6. HP: 15/44 MP: 6/6
  3875 | D:3      | Found an ornate altar of the Wu Jian Council.
  3918 | D:3      | Reached skill level 3 in Short Blades
  4101 | D:3      | Noticed Natasha
  4106 | D:3      | Killed Natasha
  4396 | D:3      | Found a radiant altar of Vehumet.
  4496 | D:3      | Noticed Natasha
  4655 | D:3      | Killed Natasha
  4813 | D:3      | Noticed Natasha
  4814 | D:3      | Killed Natasha
  4815 | D:3      | Reached XP level 7. HP: 50/50 MP: 7/7
  4986 | D:3      | Found a runed translucent door.
  4987 | D:3      | Noticed Crazy Yiuf
  4999 | D:3      | Killed Crazy Yiuf
  5167 | D:4      | Noticed Descartes's ghost (weakling DEWz)
  5172 | D:4      | Found a runed translucent gate.
  5172 | D:4      | Found a runed translucent gate.
  5174 | D:4      | Found a runed translucent gate.
  6406 | D:5      | Entered Level 5 of the Dungeon
  6579 | D:5      | Reached skill level 4 in Short Blades
  7192 | D:4      | Noticed Dowan
  7197 | D:4      | Noticed Duvessa
  7208 | D:4      | Killed Dowan
  7385 | D:4      | Reached XP level 8. HP: 38/57 MP: 8/8
  8083 | D:4      | Reached skill level 5 in Short Blades
  8699 | D:4      | Killed Duvessa
  8796 | D:4      | HP: 3/60 [poisoned by a worker ant]
  8803 | D:4      | HP: 3/60 [poisoned by a worker ant]
  8811 | D:4      | HP: 2/60 [poisoned by a worker ant]
  9266 | D:5      | HP: 3/60 [poisoned by a worker ant]
  9274 | D:5      | HP: 3/60 [poisoned by a worker ant]
  9925 | D:5      | Reached skill level 6 in Short Blades
  9925 | D:5      | Reached XP level 9. HP: 65/65 MP: 9/9
 10930 | D:6      | Found a shimmering altar of Xom.
 11033 | D:6      | Found an ancient bone altar of Kikubaaqudgha.
 11298 | D:6      | Found a glowing golden altar of the Shining One.
 11531 | D:6      | Reached skill level 5 in Dodging
 12094 | D:7      | Found a broken altar of Ashenzari.
 12111 | D:7      | Found a staircase to the Ecumenical Temple.
 12164 | D:7      | Reached skill level 7 in Short Blades
 12178 | D:7      | Found a flagged portal.
 12186 | D:7      | Got a faintly glowing hand axe
 12189 | Bailey   | Entered a bailey
 12440 | Bailey   | Identified the +8 hand axe of Dismemberment {speed, rF+++
                  | rC+++ MP+9 Int-2} (You found it on level 7 of the Dungeon)
 12637 | Bailey   | Noticed an orc knight
 12661 | Bailey   | Killed an orc knight
 12662 | Bailey   | Reached skill level 5 in Fighting
 12662 | Bailey   | Reached skill level 5 in Armour
 12662 | Bailey   | Reached skill level 5 in Evocations
 12945 | Bailey   | Found an iron altar of Okawaru.
 12945 | Bailey   | Noticed an orc high priest
 12945 | Bailey   | Noticed an orc sorcerer
 12953 | Bailey   | Noticed a rust devil
 12954 | Bailey   | Noticed a sun demon
 12960 | Bailey   | Noticed a smoke demon
 12970 | Bailey   | Killed an orc high priest
 12971 | Bailey   | Reached XP level 10. HP: 26/74 MP: 10/10
 12982 | Bailey   | Killed from afar by an orc sorcerer

Illustrated notes

Levels and vault maps discovered:
D:1:      lightli_arrival_noodles, layout_basic, minmay_misc_feat_five
D:2:      minmay_recursive_quarters, layout_basic,
          chequers_ecumenical_altar_lobes, kennysheep_potato
D:3:      layout_basic, lemuel_round_altar, nzn_wu_jian_council_hall,
          serial_bayou, serial_bayou_pond_d, serial_bayou_shore_a,
          serial_bayou_pond_a, serial_bayou_lake_a, uniq_crazy_yiuf_cottage,
          uniq_natasha
D:4:      layout_loops_ring, nicolae_ossuary_entry_catacombs,
          gammafunk_ghost_split, uniq_duvessa
D:5:      layout_rooms
D:6:      layout_cave_pods, xom_teletrap_fun, kennysheep_vampire_church,
          nicolae_tso_swordbearing_angel, st_stairs_9
D:7:      layout_cave_pools, minitemple, minmay_temple_entry_junction,
          enter_bailey_2
Bailey:   bailey_axe_of_yendor_kennysheep, bailey

Skill      XL: |  1  2  3  4  5  6  7  8  9 |
---------------+----------------------------+-----
Short Blades   | 1 2 3 4 6 7 |  7.2
Dodging        | 2 3 4 6 |  6.0
Fighting       | 2 3 5 |  5.3
Stealth        | 2 3 4 |  4.0
Evocations     | 4 5 |  5.3
Armour         | 3 4 5 |  5.5
Axes           | 2 |  2.5

Action                   |  1- 3 |  4- 6 |  7- 9 | 10-12 || total
-------------------------+-------+-------+-------+-------++-------
Melee: Club              |    50 |       |       |       ||    50
       Dagger            |   154 |   143 |   736 |       ||  1033
       Hand axe          |       |       |    31 |     5 ||    36
Evoke: Wand              |     6 |    17 |    29 |       ||    52
  Use: Scroll            |       |       |     7 |       ||     7
       Potion            |       |       |       |     1 ||     1
 Stab: Sleeping          |     1 |     2 |     2 |       ||     5
Armor: Leather armour    |    77 |    16 |    68 |       ||   161
       Ring mail         |       |       |   132 |     1 ||   133
Dodge: Dodged            |   161 |    61 |   478 |     5 ||   705
